cohdb
Replays
Latest Replays
All Replays
Popular Replays
Top Player Replays
Match Explorer
How It Works
Community
CoH3 Stats
Reddit
Sign in to upload your games and track your stats! →
Sign in with Steam
Match 41358456
Unlisted
Match 41358456
Overview
Messages
Build Orders
End
Panzergrenadier Squad
Panzergrenadier Squad
Selects Battlefield Espionage Battlegroup
Construct Light Support Kompanie
Selects Intel Disruption Beacon
MG34 Team
2.5-tonne Medical Truck
Fire Support Elements
Veteran Squad Leaders
Panzerjäger Mechanized Group
Flakvierling Half-track
Selects Plunder
Vehicle Survival Package
Construct Panzerarmee Kommand
Forward Retreat Point
Selects 250/3 Funkpanzerwagen
Walking Stuka Rocket Launcher
Selects Advanced Ambush Training
Selects Firestorm
Firestorm
Walking Stuka Rocket Launcher
MG34 Team
Armored Reserves
Firestorm
Flak 36 Anti-tank Gun Team
Selects Operation Skorpion
Emergency Repair Kits
Rapid Advance
Tungsten Core Ammunition
Firestorm
Firestorm
Tiger Heavy Tank
吊锤石乐志
xuxiaoqi9
Sobieski
CPU - VERY EASY
1Div MED
Luzinit24
Ἀσμοδαῖος
Baël
0
0
Comments
sign in to comment!
No comments posted yet!